 Dungeon Crawl Stone Soup version 0.22-a0-558-gc224181 (webtiles) character file.

823 Hebeh the Chopper (level 7, 0/62 HPs)
             Began as a Minotaur Fighter on June 27, 2018.
             Was a Follower of Trog.
             Slain by an ogre
             ... wielding a +0 giant spiked club
              (14 damage)
             ... on level 4 of the Dungeon.
             The game lasted 00:20:14 (3664 turns).

Hebeh the Chopper (Minotaur Fighter)                Turns: 3664, Time: 00:20:17

Health: 0/62       AC: 14    Str: 23    XL:     7   Next: 64%
Magic:  6/6        EV:  6    Int:  5    God:    Trog [*.....]
Gold:   179        SH: 10    Dex:  9    Spells: 6/6 levels left

rFire    + . .     SeeInvis .   a - +0 war axe
rCold    . . .     Gourm    .   c - +0 shield
rNeg     . . .     Faith    .   t - +2 chain mail {rF+}
rPois    .         Spirit   .   (helmet restricted)
rElec    .         Reflect  .   (no cloak)
rCorr    .         Harm     .   i - +0 pair of gloves
MR       .....                  k - +0 pair of boots
Stlth    ..........             (no amulet)
HPRegen  0.20/turn              (no ring)
MPRegen  0.10/turn              (no ring)

@: no status effects
A: retaliatory headbutt, horns 2
a: Berserk, Renounce Religion


You were on level 4 of the Dungeon.
You worshipped Trog.
Trog was aware of your devotion.
You were not hungry.

You visited 1 branch of the dungeon, and saw 4 of its levels.

You collected 179 gold pieces.

Inventory:

Hand Weapons
 a - a +0 war axe (weapon)
 s - a +1 whip of electrocution
Armour
 c - a +0 shield (worn)
 i - a +0 pair of gloves (worn)
 k - a +0 pair of boots (worn)
 t - a +2 chain mail of fire resistance (worn)
Jewellery
 h - a +2 ring of strength {unknown}
Scrolls
 o - a scroll of remove curse
 q - 4 scrolls of magic mapping
Potions
 b - a potion of cancellation {unknown}
 d - a potion of might
 e - 2 potions of heal wounds {unknown}
 g - 2 potions of lignification {unknown}
 m - a potion of haste {unknown}
 r - 2 potions of berserk rage {unknown}
Comestibles
 f - 3 rations


   Skills:
 + Level 5.8 Fighting
 * Level 7.0 Axes
 + Level 5.7 Armour
 + Level 5.9 Shields


You had 6 spell levels left.
You didn't know any spells.
Your spell library was empty.

Dungeon Overview and Level Annotations

Branches:
Dungeon (4/15)
 Temple: D:4-7

Altars:
Trog
Wu Jian


Innate Abilities, Weirdness & Mutations

You reflexively headbutt those who attack you in melee.
You have a pair of horns on your head.


Message History

Found a stone staircase leading down.
The ogre hits you with a giant spiked club!!
You slash the ogre!
The ogre is moderately wounded.
You barely miss the frilled lizard.
The frilled lizard bites you but does no damage.
The ogre hits you but does no damage.
You barely miss the ogre.
The ogre is moderately wounded.
You hit the frilled lizard but do no damage.
You block the frilled lizard's attack.
The ogre hits you with a giant spiked club!!
* * * LOW HITPOINT WARNING * * *
You slash the ogre!
The ogre is heavily wounded.
You hit the frilled lizard.
You kill the frilled lizard!
Trog accepts your kill.
The ogre hits you with a giant spiked club!
You die...

#.# #..# .# #.# #..# .#
###.#####..# .#
#......##..# .#
#......##..#
#......##..#
#......##..#
###.#####..# # #.# #.@#
# #.# #.O†......
#########.#####......###
..................>.....
#########.#..........###
.########.#.########.#
..........# # .#
..........# #
..........#


You could see an ogre.

Vanquished Creatures
  An ogre (D:3)
  2 orc priests (D:3)
  An orc wizard (D:2)
  A gnoll shaman (D:3)
  A worker ant (D:3)
  A hound skeleton (D:4)
  40 gnolls (D:3)
  4 adders
  2 oozes (D:2)
  A worm (D:2)
  5 dart slugs
  5 leopard geckos
  15 orcs
  5 giant cockroaches
  5 goblins
  11 hobgoblins
  16 jackals
  2 quokkas (D:3)
  6 bats
  5 frilled lizards
  A jackal zombie (D:3)
  5 kobolds
  9 rats
  A plant (D:3)
145 creatures vanquished.

Notes
Turn   | Place    | Note
-------+----------+-------------------------------------------
     0 | D:1      | Hebeh the Minotaur Fighter began the quest for the Orb.
     0 | D:1      | Reached XP level 1. HP: 19/19 MP: 0/0
    75 | D:1      | Reached XP level 2. HP: 24/27 MP: 1/1
   145 | D:1      | Reached skill level 3 in Axes
   382 | D:1      | Reached XP level 3. HP: 33/33 MP: 2/2
  1107 | D:2      | Reached XP level 4. HP: 39/40 MP: 3/3
  1375 | D:2      | Reached skill level 4 in Axes
  1540 | D:3      | Reached XP level 5. HP: 47/47 MP: 4/4
  1745 | D:3      | Reached skill level 5 in Axes
  2055 | D:3      | Reached XP level 6. HP: 55/55 MP: 5/5
  2154 | D:3      | Reached skill level 5 in Shields
  2167 | D:3      | Reached skill level 5 in Fighting
  2350 | D:3      | Reached skill level 5 in Armour
  2450 | D:3      | Found a bloodstained altar of Trog.
  2451 | D:3      | Found an ornate altar of the Wu Jian Council.
  2471 | D:3      | Became a worshipper of Trog the Wrathful
  2835 | D:3      | Reached skill level 6 in Axes
  2855 | D:3      | Reached XP level 7. HP: 60/61 MP: 6/6
  2882 | D:3      | Reached * piety under Trog
  3578 | D:4      | Reached skill level 7 in Axes
  3664 | D:4      | Slain by an ogre

Vault maps used:
D:1:      nzn_arrival_settlement
D:2:      first_ration, minmay_cupped
D:3:      lemuel_castle_with_subvaults, gammafunk_temple_overflow_pools,
          grunt_ministairs_7
D:4:      lemuel_crystal_altar, minmay_misc_feat_cross

Skill      XL: |  1  2  3  4  5  6  7 |
---------------+----------------------+-----
Axes           | 3 4 5 6 7 |  7.0
Shields        | 4 5 |  5.9
Fighting       | 4 5 |  5.8
Armour         | 4 5 |  5.7

Action                   |  1- 3 |  4- 6 |  7- 9 || total
-------------------------+-------+-------+-------++-------
Melee: War axe           |    79 |   179 |    58 ||   316
       Headbutt          |     8 |    31 |     9 ||    48
  Use: Scroll            |       |     5 |       ||     5
  Eat: Chunk             |       |     7 |       ||     7
       Ration            |       |       |     1 ||     1
Armor: Scale mail        |    36 |    77 |       ||   113
       Chain mail        |       |    15 |    32 ||    47
Dodge: Dodged            |    23 |    63 |    12 ||    98
Block: Shield            |    40 |   109 |    43 ||   192

Table legend:
 A = Spawn XP
 B = Non-spawn XP
 C = Spawn XP percentage of total XP
 D = Spawn monster count
 E = Non-spawn monster count
 F = Spawn count percentage of total count
 G = Total turns spent on level
                    A         B        C        D         E        F      G
               +---------+---------+-------+---------+---------+-------+---------
         Total |       0 |    1177 |   0.0 |       0 |     144 |   0.0 |  3664
               +---------+---------+-------+---------+---------+-------+---------
           D:1 |       0 |      52 |   0.0 |       0 |      27 |   0.0 |   501
           D:2 |       0 |     139 |   0.0 |       0 |      27 |   0.0 |   997
           D:3 |       0 |     965 |   0.0 |       0 |      87 |   0.0 |  2074
           D:4 |       0 |      21 |   0.0 |       0 |       3 |   0.0 |    92
               +---------+---------+-------+---------+---------+-------+---------
